 Dungeon Crawl Stone Soup version 0.23.2-1-ga50397a (webtiles) character file.

Game seed: 2622509551324579735

137 poirepourri the Magician (level 5, -9/35 HPs)
             Began as a Mummy Necromancer on Apr 22, 2019.
             Mangled by a phantom (10 damage)
             ... on level 4 of the Dungeon.
             The game lasted 00:04:15 (2146 turns).

poirepourri the Magician (Mummy Necromancer)        Turns: 2146, Time: 00:04:16

Health: -9/35      AC:  3    Str: 12    XL:     5   Next: 0%
Magic:  13/13      EV: 12    Int: 15    God:
Gold:   156        SH:  0    Dex: 12    Spells: 7/16 levels left

rFire    x . .     SeeInvis .   g - +3 short sword (drain)
rCold    + . .     Gourm    .   (no shield)
rNeg     + + +     Faith    .   a - +0 robe
rPois    ∞         Spirit   .   (no helmet)
rElec    .         Reflect  .   (no cloak)
rCorr    .         Harm     .   (no gloves)
MR       .....                  d - +0 pair of boots
Stlth    ++........             (no amulet)
HPRegen  0.11/turn              (no ring)
MPRegen  0.13/turn              (no ring)

@: no status effects
A: no food or potions, fire vulnerability, cold resistance 1, negative energy
resistance 3, torment resistance, unbreathing
a: no special abilities


You were on level 4 of the Dungeon.
You were not hungry.

You visited 1 branch of the dungeon, and saw 4 of its levels.

You collected 156 gold pieces.

Inventory:

Hand Weapons
 g - a +3 short sword of draining (weapon)
Armour
 a - a +0 robe (worn)
 d - a +0 pair of boots (worn)
Jewellery
 e - an uncursed ring of ice
Wands
 f - a wand of enslavement (10)
Scrolls
 b - a scroll of fear
 c - a scroll of amnesia
 h - 3 scrolls of identify


   Skills:
 - Level 1.5 Dodging
 - Level 1.5 Stealth
 + Level 6.4 Spellcasting
 - Level 4.0 Necromancy


You had 7 spell levels left.
You knew the following spells:

 Your Spells              Type           Power        Failure   Level  Hunger
a - Pain                  Necr           ###.         2%          1    N/A
b - Animate Skeleton      Necr           N/A          2%          1    N/A
c - Vampiric Draining     Necr           ###.......   9%          3    N/A
d - Animate Dead          Necr           N/A          26%         4    N/A

Your spell library contained the following spells:

 Spells                   Type           Power        Failure   Level  Hunger
 Regeneration             Chrm/Necr      Unusable     N/A         3    N/A

Dungeon Overview and Level Annotations

Branches:
Dungeon (4/15)
 Temple: D:4-7

Altars:


Innate Abilities, Weirdness & Mutations

You do not eat or drink.
Your flesh is vulnerable to fire.
You are immune to poison.
Your flesh is cold resistant. (rC+)
You are immune to negative energy. (rN+++)
You are immune to unholy pain and torment.
You can survive without breathing.


Message History

The phantom blinks!
Your quokka skeleton's inner flame fades away.
The phantom blinks!
The phantom hits you but does no damage.
The phantom blinks!
The phantom hits you.
* * * LOW HITPOINT WARNING * * *
The phantom blinks!
There is a stone staircase leading up here.
The phantom barely misses you.
You hit the phantom but do no damage.
The phantom is moderately damaged.
The phantom hits you!
* * * LOW HITPOINT WARNING * * *
The phantom blinks!
Your quokka skeleton bites the phantom but does no damage.
You closely miss the phantom.
The phantom is moderately damaged.
The phantom hits you!
You die...

##...............#### ###
##........##........#########.##
#.%..........##..##...##..##<..#
##.........(......#...#.........
##.........#..##†##...........#
##..........###.###.........##
#...........##...........#...
##.......#...#....###....#...
#.....###.Z@...#.###........ ##
##......####W.#.##.....###...
.####.......###...#..............
..##...##.......................#
..##.........#......##.........##
..#..........#......##........
.)[..).%............##........
.)..............##.##.........
................##.# .........


You could see a phantom and a friendly quokka skeleton.

Vanquished Creatures
  A scorpion (D:4)
  An orc wizard (D:3)
  3 dart slugs
  3 leopard geckos
  6 orcs
  4 giant cockroaches
  8 goblins
  2 hobgoblins
  A quokka (D:4)
  A ball python (D:3)
  3 bats
  3 frilled lizards
  7 kobolds
  A leopard gecko skeleton (D:4)
  3 rats
47 creatures vanquished.

Notes
Turn   | Place    | Note
-------+----------+-------------------------------------------
     0 | D:1      | poirepourri the Mummy Necromancer began the quest for the
                  | Orb.
     0 | D:1      | Reached XP level 1. HP: 13/13 MP: 4/4
     9 | D:1      | Reached skill level 3 in Spellcasting
   205 | D:1      | Learned a level 1 spell: Animate Skeleton
   363 | D:1      | Reached XP level 2. HP: 15/19 MP: 1/6
   573 | D:1      | Reached skill level 4 in Spellcasting
  1119 | D:2      | Reached XP level 3. HP: 24/24 MP: 5/8
  1407 | D:3      | Reached skill level 5 in Spellcasting
  1407 | D:3      | Reached XP level 4. HP: 8/30 MP: 0/11
  1719 | D:3      | Learned a level 3 spell: Vampiric Draining
  1724 | D:3      | Learned a level 4 spell: Animate Dead
  1928 | D:4      | Reached skill level 6 in Spellcasting
  2059 | D:4      | Reached XP level 5. HP: 34/35 MP: 3/13
  2083 | D:4      | Noticed a phantom
  2142 | D:4      | HP: 1/35 [phantom (7)]
  2146 | D:4      | Mangled by a phantom

Skill      XL: |  1  2  3  4 |
---------------+-------------+-----
Spellcasting   | 3 4 5 6 |  6.4
Dodging        | |  1.5
Stealth        | |  1.5
Necromancy     | |  4.0

Action                   |  1- 3 |  4- 6 || total
-------------------------+-------+-------++-------
Melee: Short sword       |     4 |    17 ||    21
 Cast: Pain              |    59 |    31 ||    90
       Animate Skeleton  |       |     1 ||     1
  Use: Scroll            |     7 |     3 ||    10
Armor: Robe              |       |     4 ||     4
Dodge: Dodged            |     7 |    21 ||    28
